 Dungeon Crawl Stone Soup version 0.18.1-50-g88ac8fd (webtiles) character file.

11323 nikopol the Cleaver (level 11, -9/145 HPs)
             Began as a Minotaur Berserker on Oct 16, 2016.
             Was a High Priest of Trog.
             Mangled by a komodo dragon (23 damage)
             ... on level 1 of the Lair of Beasts.
             The game lasted 00:27:31 (9949 turns).

nikopol the Cleaver (Minotaur Berserker)            Turns: 9949, Time: 00:27:32

Health: -9/145     AC: 20    Str: 28    XL:     11   Next: 47%
Magic:  0/10       EV: 12    Int:  4    God:    Trog [*****.]
Gold:   431        SH:  0    Dex: 12    Spells: 0 memorised, 10 levels left

rFire  + . .     SeeInvis .     a - +2 war axe (chop)
rCold  . . .     Gourm    .     S - +4 chain mail
rNeg   . . .     Faith    .     (no shield)
rPois  .         Spirit   +     (helmet restricted)
rElec  .         Dismiss  .     Q - +1 cloak
rCorr  .         Reflect  .     (no gloves)
SustAt .         Harm     .     E - +1 pair of boots
MR     .....                    v - amulet of guardian spirit
Stlth  ..........               (no ring)
                                i - ring of protection from fire

@: berserking, very quick, not resistant to hostile enchantments, extremely
unstealthy
A: retaliatory headbutt, horns 2
a: Berserk, Trog's Hand, Brothers in Arms, Burn Spellbooks, Renounce Religion


You were on level 1 of the Lair of Beasts.
You worshipped Trog.
Trog was extremely pleased with you.
You were hungry.

You visited 2 branches of the dungeon, and saw 11 of its levels.

You collected 431 gold pieces.

Inventory:

Hand Weapons
 a - a +2 war axe of chopping (weapon)
 b - a +3 war axe
 z - a +0 shortbow
 H - a +0 vampiric war axe
Missiles
 h - 147 arrows (quivered)
Armour
 E - a +1 pair of boots (worn)
 I - a +1 ring mail of fire resistance
 Q - a +1 cloak (worn)
 S - a +4 chain mail (worn)
Jewellery
 i - a ring of protection from fire (left hand)
 v - an amulet of guardian spirit (around neck)
 D - an uncursed ring of protection from fire
 M - a cursed -2 ring of evasion {unknown}
Wands
 y - a wand of polymorph (8/24)
 J - a wand of lightning (6/15)
Scrolls
 f - 2 scrolls of enchant weapon {unknown}
 j - 8 scrolls of identify {unknown}
 k - 2 scrolls of amnesia {unknown}
 l - 3 scrolls of fog {unknown}
 o - a scroll of blinking {unknown}
 p - 8 scrolls of remove curse {unknown}
 t - 2 scrolls of fear {unknown}
 x - 2 scrolls of immolation {unknown}
 A - 3 scrolls of teleportation {unknown}
 B - 2 scrolls of magic mapping {unknown}
 C - a scroll of noise {unknown}
Potions
 e - 3 potions of degeneration {unknown}
 g - 5 potions of curing {unknown}
 n - 3 potions of lignification {unknown}
 r - a potion of resistance {unknown}
 s - a potion of experience {unknown}
 u - 2 potions of brilliance {unknown}
 F - a potion of berserk rage {unknown}
 G - a potion of flight {unknown}
 L - a potion of heal wounds {unknown}
Books
 m - a book of Maledictions

   Spells                             Type                      Level
   a - Corona                         Hexes                        1
   b - Ensorcelled Hibernation        Hexes/Ice                    2
   c - Confuse                        Hexes                        3
   d - Tukima's Dance                 Hexes                        3
   e - Dazzling Spray                 Conjuration/Hexes            3
   Trog disapproves of the use of such an item.
 R - a book of Spatial Translocations

   Spells                             Type                      Level
   a - Apportation                    Translocation                1
   b - Blink                          Translocation                2
   c - Shroud of Golubria             Charms/Translocation         2
   d - Portal Projectile              Translocation                3
   e - Teleport Other                 Translocation                3
   f - Passage of Golubria            Translocation                4
   Trog disapproves of the use of such an item.
Comestibles
 c - 6 bread rations
 d - 5 meat rations
 q - 2 beef jerkies
 w - a slice of pizza
 K - 22 fruits
 P - a royal jelly


   Skills:
 + Level 9.2 Fighting
 * Level 12.3 Axes
 * Level 9.9 Bows
 + Level 9.0 Armour
 + Level 8.2 Dodging


You had 10 spell levels left.
You didn't know any spells.

Dungeon Overview and Level Annotations

Branches:
Dungeon (10/15)            Temple (0/1) D:5            Lair (1/8) D:10
    Orc: D:9-12

Altars:
Ashenzari
Dithmenos
Elyvilon
Kikubaaqudgha
Makhleb
Pakellas
Trog
Xom

Shops:
D:7 :   D:9 [

Annotations:
D:3 Jessica


Innate Abilities, Weirdness & Mutations

You reflexively headbutt those who attack you in melee.
You have a pair of horns on your head.


Message History

The komodo dragon is heavily wounded.
The komodo dragon bites you!!
* * * LOW HITPOINT WARNING * * *
You are too injured to fight recklessly!
You're too hungry to go berserk.
Eat which item? (? for menu, Esc to quit)
The komodo dragon misses you. You furiously retaliate!
You headbutt the komodo dragon, but do no damage.
Mmm...
Pepperoni.
A red film seems to cover your vision as you go berserk!
You feel yourself moving faster!
You feel mighty!
You are feeling hungry.
The komodo dragon bites you!
* * * LOW HITPOINT WARNING * * *
You barely miss the komodo dragon. You headbutt the komodo dragon!
The komodo dragon is severely wounded.
You closely miss the komodo dragon.
The komodo dragon is severely wounded.
The komodo dragon bites you!!
You die...

#.#.#####..##.....
# ## #..## ...#
..#.##..P# ##
........##
#..#.##.## #
##.##..# ##...#..#
#.##.#.#...#
#[....l@#(##
..(........#
#######..P##
...... ##.##.##
... ## #.# #.#


You could see a komodo dragon.

Vanquished Creatures
  A tengu warrior (D:10)
  2 hill giants
  Pikel (D:6)
  An elephant (D:10)
  Psyche (D:10)
  A centaur skeleton (D:10)
  A komodo dragon (D:10)
  The ghost of Korbac the Ducker, a novice TeWr of Dithmenos (D:5)
  2 trolls
  8 yaks (D:10)
  Sigmund (D:5)
  A wyvern (D:9)
  Eustachio (D:6)
  Menkaure (D:5)
  A water moccasin (D:9)
  A porcupine (Lair:1)
  2 orc warriors
  A sky beast (D:6)
  2 ice beasts (D:6)
  2 slaves (D:6)
  6 black bears
  4 phantoms
  5 ogres
  A necrophage (D:8)
  3 centaurs
  2 crocodiles (D:10)
  8 giant frogs
  2 big kobolds
  A gnoll sergeant (D:8)
  2 scorpions
  5 killer bees (D:8)
  7 wights
  2 howler monkeys
  6 crimson imps
  A centaur zombie (D:7)
  A quasit (D:8)
  9 orc priests
  5 hounds
  2 jellies (D:8)
  20 orc wizards
  8 worker ants
  2 hound skeletons
  6 gnolls
  A worker ant zombie (D:7)
  12 adders
  A shadow imp (D:8)
  An adder zombie (D:10)
  4 adder skeletons
  A worm (D:3)
  5 dart slugs
  A giant gecko (D:8)
  45 orcs
  7 bats
  4 giant cockroaches
  8 hobgoblins
  4 jackals (D:5)
  19 kobolds
  8 quokkas
  A ball python (D:3)
  2 giant gecko skeletons
  4 giant newts
  11 goblins
  A quokka skeleton (D:3)
  7 rats
  2 plants (D:10)
289 creatures vanquished.

Vanquished Creatures (others)
  A slave (D:6)
  An orc (D:6)
2 creatures vanquished.

Grand Total: 291 creatures vanquished

Notes
Turn   | Place    | Note
--------------------------------------------------------------
     0 | D:1      | nikopol the Minotaur Berserker began the quest for the Orb.
     0 | D:1      | Reached XP level 1. HP: 19/19 MP: 0/0
   219 | D:1      | Reached XP level 2. HP: 27/27 MP: 1/1
   593 | D:2      | Reached skill level 4 in Axes
   613 | D:2      | Reached ** piety under Trog
   696 | D:2      | Reached XP level 3. HP: 28/33 MP: 2/2
  1392 | D:3      | Reached XP level 4. HP: 16/40 MP: 3/3
  1397 | D:3      | Reached skill level 5 in Axes
  1681 | D:3      | Reached *** piety under Trog
  1725 | D:3      | Reached XP level 5. HP: 46/46 MP: 4/4
  2142 | D:3      | Noticed Jessica
  2253 | D:3      | Found an ancient bone altar of Kikubaaqudgha.
  2427 | D:4      | Found a shattered altar of Ashenzari.
  2543 | D:4      | Reached XP level 6. HP: 53/53 MP: 5/5
  2803 | D:4      | Found a burning altar of Makhleb.
  2835 | D:4      | Reached skill level 6 in Axes
  2907 | D:4      | Reached skill level 5 in Fighting
  2914 | D:4      | Reached skill level 5 in Armour
  2914 | D:4      | Reached XP level 7. HP: 7/61 MP: 1/6
  3217 | D:4      | Found an oddly glowing altar of Pakellas.
  3377 | D:5      | Entered Level 5 of the Dungeon
  3399 | D:5      | Reached skill level 7 in Axes
  3560 | D:5      | Reached skill level 1 in Bows
  3594 | D:5      | Noticed Menkaure
  3602 | D:5      | Killed Menkaure
  3637 | D:5      | Noticed Sigmund
  3656 | D:5      | Killed Sigmund
  3656 | D:5      | Reached XP level 8. HP: 57/70 MP: 5/7
  3748 | D:5      | Noticed a troll
  3761 | D:5      | Killed a troll
  3761 | D:5      | Reached skill level 8 in Axes
  3761 | D:5      | Reached skill level 5 in Dodging
  4066 | D:5      | Reached **** piety under Trog
  4238 | D:5      | Noticed Korbac's ghost (novice TeWr)
  4352 | D:5      | Killed Korbac's ghost
  4661 | D:5      | Found a staircase to the Ecumenical Temple.
  4802 | D:6      | Found a bloodstained altar of Trog.
  4815 | D:6      | Reached skill level 9 in Axes
  4818 | D:6      | Reached skill level 5 in Bows
  4818 | D:6      | Reached XP level 9. HP: 65/78 MP: 6/8
  4978 | D:6      | Found a shimmering altar of Xom.
  5067 | D:6      | Noticed Eustachio
  5091 | D:6      | Killed Eustachio
  5166 | D:6      | Found a shadowy altar of Dithmenos.
  5418 | D:6      | Noticed Pikel
  5429 | D:6      | Killed Pikel
  5429 | D:6      | Reached skill level 10 in Axes
  6022 | D:7      | Received a gift from Trog
  6229 | D:7      | Found Sifaudan's Book Emporium.
  6345 | D:7      | Reached XP level 10. HP: 80/86 MP: 9/9
  6576 | D:7      | Noticed a hill giant
  6586 | D:7      | Reached ***** piety under Trog
  6589 | D:7      | Killed a hill giant
  6788 | D:8      | Found a white marble altar of Elyvilon.
  7166 | D:8      | Reached skill level 11 in Axes
  7503 | D:8      | Received a gift from Trog
  8502 | D:9      | Found Omomiv's Armour Boutique.
  8855 | D:10     | Entered Level 10 of the Dungeon
  8867 | D:10     | Noticed Psyche
  8870 | D:10     | Noticed an elephant
  8872 | D:10     | Killed Psyche
  8872 | D:10     | Reached XP level 11. HP: 79/95 MP: 6/10
  8882 | D:10     | Received a gift from Trog
  9005 | D:10     | Noticed a hill giant
  9013 | D:10     | Killed a hill giant
  9120 | D:10     | Found a staircase to the Lair.
  9189 | D:10     | Reached skill level 12 in Axes
  9309 | D:10     | Received a gift from Trog
  9826 | D:10     | Noticed a tengu warrior
  9846 | D:10     | Killed a tengu warrior
  9914 | Lair:1   | Entered Level 1 of the Lair of Beasts
  9949 | Lair:1   | Mangled by a komodo dragon

Skill      XL: |  1  2  3  4  5  6  7  8  9 10 11 |
---------------+----------------------------------+-----
Axes           | 4 5 6 7 9 10 11 12 | 12.3
Armour         | 3 4 5 6 7 8 9 |  9.0
Fighting       | 4 5 6 7 8 9 |  9.2
Dodging        | 3 4 5 6 7 8 |  8.2
Bows           | 2 5 7 9 |  9.9

Action                   |  1- 3 |  4- 6 |  7- 9 | 10-12 || total
-------------------------+-------+-------+-------+-------++-------
Melee: Hand axe          |    81 |   139 |    89 |       ||   309
       Headbutt          |    17 |    22 |    42 |    48 ||   129
       War axe           |       |       |   111 |   222 ||   333
 Fire: Shortbow          |       |       |   211 |   256 ||   467
Invok: Berserk           |     1 |       |     2 |     3 ||     6
       Burn Spellbooks   |       |     1 |     2 |     1 ||     4
  Eat: Chunk             |     1 |     6 |    13 |    12 ||    32
       Pizza             |       |       |       |     1 ||     1
Armor: Chain mail        |    44 |    69 |    66 |    58 ||   237
       Animal skin       |     1 |       |       |       ||     1
       Ring mail         |       |       |    39 |    43 ||    82
Dodge: Dodged            |    45 |    63 |   138 |   175 ||   421
